 Dungeon Crawl Stone Soup version 0.21-a0-265-gb353147 (webtiles) character file.

71 4thArraOfDagon the Bolt Thrower (level 4, 0/32 HPs)
             Began as a Barachi Arcane Marksman on Sept 11, 2017.
             Succumbed to an adder's poison
             ... on level 3 of the Dungeon.
             The game lasted 00:03:25 (626 turns).

4thArraOfDagon the Bolt Thrower (BaAM)               Turns: 626, Time: 00:03:26

Health: 0/32       AC:  2    Str: 11    XL:     4   Next: 24%
Magic:  5/5        EV: 12    Int: 14    God:
Gold:   43         SH:  0    Dex: 13    Spells: 4/5 levels left

rFire    . . .     SeeInvis .   i - +1 dagger (drain)
rCold    . . .     Gourm    .   (no shield)
rNeg     . . .     Faith    .   e - +0 robe
rPois    .         Spirit   .   (no helmet)
rElec    .         Reflect  .   (no cloak)
rCorr    .         Harm     .   (no gloves)
MR       .....                  (no boots)
Stlth    +.........             (no amulet)
HPRegen  0.10/turn              (no ring)
MPRegen  0.09/turn              (no ring)

@: lethally poisoned (0 -> -3), can't hop, slow
A: +LOS, swims, slowness 1, strong legs 1
a: Hop


You were on level 3 of the Dungeon.
You were not hungry.

You visited 1 branch of the dungeon, and saw 4 of its levels.

You collected 43 gold pieces.

Inventory:

Hand Weapons
 a - a +0 hand crossbow
 b - a +0 hand axe
 i - a +1 dagger of draining (weapon)
Armour
 e - a +0 robe (worn)
Scrolls
 j - a scroll of magic mapping {unknown}
Books
 c - a book of Debilitation

   Spells                             Type                      Level
   a - Corona                         Hexes                        1
   b - Slow                           Hexes                        2
   c - Inner Flame                    Hexes/Fire                   3
   d - Portal Projectile              Hexes/Translocation          3
   e - Cause Fear                     Hexes                        4
   f - Leda's Liquefaction            Hexes/Earth                  4
Comestibles
 f - 2 bread rations
 h - 2 meat rations


   Skills:
 - Level 1.2 Fighting
 * Level 4.3 Crossbows
 - Level 2.1 Dodging
 - Level 1.1 Spellcasting
 - Level 3.2 Hexes


You had 4 spell levels left.
You knew the following spells:

 Your Spells              Type           Power        Failure   Level  Hunger
a - Corona                Hex            #......      7%          1    ##.....


Dungeon Overview and Level Annotations

Branches:
Dungeon (4/15)
 Temple: D:4-7

Altars:
Kikubaaqudgha

Annotations:
D:2 Sigmund
D:3 Robin
D:4 Multipenetrator's ghost, amateur DEWz


Innate Abilities, Weirdness & Mutations

Shadows flee at your approach. (+LOS)
You can swim through water.
You cover ground slowly.
You can hop short distances.


Message History

* * * LOW HITPOINT WARNING * * *
You feel sick.
Items here: ( ) †† a club; 4 bolts; an adder corpse; a kobold corpse Unknown command.
Unknown command.
* * * LOW HITPOINT WARNING * * *
You feel sick.
* * * LOW HITPOINT WARNING * * *
You feel sick.
* * * LOW HITPOINT WARNING * * *
You feel sick.
Hop to where?
Press: ? - help, Dir - move target cursor Boing!
* * * LOW HITPOINT WARNING * * *
You feel sick.
Unknown command.
Unknown command.
You die...

#.#
.......r..........
#.#
##.......##.#####..
#.# #.......##.# .
#.# ####.#..##.#
#.# ####.#.....#
#.# .... r.. .# #.#
#.. #.# #.# .# ##.
##.# # #@# .##.(.
#..# #####.###.#
..#.. #.##
..........# ..(.
#.# ####.###..#
####.l. #.# #.#
#..# #.. ..## #.#
#.# #..## #.# .(.#
#.#
#.###...####.##).#
#.#
#.##.........l).(#
#.#
##.#.†........###.#


You could see a rat (wandering).

Vanquished Creatures
  4 adders
  A worm (D:2)
  3 dart slugs
  A leopard gecko (D:2)
  An orc (D:3)
  3 giant cockroaches
  2 goblins (D:3)
  A hobgoblin (D:3)
  3 kobolds
  2 quokkas
  3 bats (D:3)
  A frilled lizard (D:2)
  2 rats
27 creatures vanquished.

Notes
Turn   | Place    | Note
-------+----------+-------------------------------------------
     0 | D:1      | 4thArraOfDagon the Barachi Arcane Marksman began the quest for the Orb.
     0 | D:1      | Reached XP level 1. HP: 15/15 MP: 2/2
    77 | D:2      | Reached XP level 2. HP: 21/21 MP: 3/3
    81 | D:2      | Reached skill level 3 in Crossbows
   193 | D:2      | Reached XP level 3. HP: 14/26 MP: 4/4
   279 | D:2      | Noticed Sigmund
   337 | D:4      | Noticed Multipenetrator's ghost (amateur DEWz)
   391 | D:3      | Found an ancient bone altar of Kikubaaqudgha.
   421 | D:3      | Reached skill level 4 in Crossbows
   467 | D:3      | Noticed Robin
   573 | D:3      | Reached XP level 4. HP: 31/32 MP: 5/5
   623 | D:3      | HP: 1/32 [poisoned by an adder]
   626 | D:3      | Succumbed to an adder's poison

Vault maps used:
D:1:      dpeg_arrival_shelter, lemuel_old_faithful
D:2:      nicolae_overflow_crystal_walls, marbit_many_paths,
          serial_bayou_pond_c, grunt_gozag_breadcrumbs, uniq_sigmund
D:3:      zin_statuary, lemuel_round_altar, uniq_robin, uniq_ijyb, uniq_purgy
D:4:      vehumet_crystals, uniq_pikel, uniq_natasha

Skill      XL: |  1  2  3 |
---------------+----------+-----
Crossbows      | 3 4 |  4.3
Fighting       | |  1.2
Dodging        | |  2.1
Spellcasting   | |  1.1
Hexes          | |  3.2

Action                   |  1- 3 |  4- 6 || total
-------------------------+-------+-------++-------
Melee: Hand axe          |     3 |       ||     3
       Dagger            |    33 |     1 ||    34
 Fire: Hand crossbow     |    41 |    18 ||    59
 Abil: Hop               |       |     1 ||     1
  Use: Potion            |       |     1 ||     1
  Eat: Fruit             |     1 |       ||     1
Armor: Robe              |    18 |       ||    18
Dodge: Dodged            |    32 |    16 ||    48

Table legend:
 A = Spawn XP
 B = Non-spawn XP
 C = Spawn XP percentage of total XP
 D = Spawn monster count
 E = Non-spawn monster count
 F = Spawn count percentage of total count
 G = Total turns spent on level
                    A         B        C        D         E        F      G
               +---------+---------+-------+---------+---------+-------+---------
         Total |       0 |     102 |   0.0 |       0 |      27 |   0.0 |   626
               +---------+---------+-------+---------+---------+-------+---------
           D:1 |       0 |       3 |   0.0 |       0 |       2 |   0.0 |    57
           D:2 |       0 |      41 |   0.0 |       0 |      12 |   0.0 |   213
           D:3 |       0 |      56 |   0.0 |       0 |      12 |   0.0 |   342
           D:4 |       0 |       2 |   0.0 |       0 |       1 |   0.0 |    14
               +---------+---------+-------+---------+---------+-------+---------
